 Dungeon Crawl Stone Soup version 0.29.0-4-gdea44cf6ec (webtiles) character file.

Game seed: 9727540985733501531

4865 qw the Cleaver (level 10, -8/79 HPs)
             Began as a Formicid Cinder Acolyte on Sept 4, 2022.
             Was a Follower of Ignis.
             Collided with a rock wall (10 damage)
             ... caused by Erica
             ... on level 9 of the Dungeon.
             The game lasted 00:03:08 (10054 turns).

qw the Cleaver (Formicid Cinder Acolyte)           Turns: 10054, Time: 00:03:09

Health: -8/79      AC: 22    Str: 24      XL:     10   Next: 78%
Magic:  11/11      EV:  7    Int: 13      God:    Ignis [*.....]
Gold:   514        SH: 11    Dex:  7 (9)  Spells: 11/11 levels left

rFire   + . .      SeeInvis +   q - +0 battleaxe
rCold   + . .      Faith    .   n - +2 buckler {rC+}
rNeg    . . .      Spirit   .   m - +0 plate armour
rPois   +          Reflect  +   (helmet unavailable)
rElec   .          Harm     .   (no cloak)
rCorr   .          Rampage  .   i - +0 pair of gloves
Will    +....                   g - +0 pair of boots
Stlth   ..........              h - amulet of reflection
HPRegen 0.23/turn               (no ring)
MPRegen 0.12/turn               (no ring)

@: fiery-armoured
A: permanent stasis, dig shafts and tunnels, antennae 3, four strong arms,
hooves 1, deterioration 1, poison resistance
a: Dig, Shaft Self, Renounce Religion, Fiery Armour, Foxfire Swarm, Rising Flame


You were on level 9 of the Dungeon.
You worshipped Ignis.
Ignis was aware of your devotion.
You visited 1 branch of the dungeon, and saw 9 of its levels.

You collected 514 gold pieces.


Innate Abilities, Weirdness & Mutations

You cannot be hasted, slowed, berserked, paralysed or teleported.
You can dig through walls and to a lower floor.
You have a pair of large antennae on your head. (SInv)
Your four strong arms can wield two-handed weapons with a shield.
You have large cloven feet.
Your body sometimes deteriorates upon taking damage.
Your system is resistant to poisons. (rPois)


   Skills:
 + Level 7.6 Fighting
 - Level 11.1 Axes
 - Level 3.0 Throwing
 - Level 6.8 Armour
 - Level 2.0 Dodging
 - Level 5.6 Shields
 - Level 1.1 Spellcasting
 - Level 3.0 Fire Magic


You had 11 spell levels left.
You didn't know any spells.
Your spell library contained the following spells:

 Spells                   Type           Power      Damage    Failure   Level
 Scorch                   Fire           16%        2d5       91%         2

Inventory:

Hand Weapons
 l - a -1 hand axe of flaming
 q - a +0 battleaxe (weapon)
Missiles
 d - 3 boomerangs (quivered)
Armour
 g - a +0 pair of boots (worn)
 i - a +0 pair of gloves (worn)
 m - a +0 plate armour (worn)
 n - a +2 buckler of cold resistance (worn)
Jewellery
 h - an amulet of reflection (around neck)
Scrolls
 a - a scroll of identify
Potions
 b - 2 potions of mutation
 c - 5 potions of curing
 f - a potion of haste
 p - a potion of resistance

Dungeon Overview and Level Annotations

Branches:
Dungeon (9/15)             Temple (0/1) D:7
   Lair: D:8-11         Orc: D:9-12

Altars:
Elyvilon
Fedhas
Ru
Sif Muna

Shops:
D:3 :

Annotations:
D:4 2 transporters
D:5 3 runed translucent doors, qw's ghost, novice BaCK
D:9 Erica


Message History

Erica flickers and vanishes for a moment.
Erica hits you with a +0 scimitar of flaming.
Erica is burned by your cloak of flames.
Erica is severely wounded.
You barely miss Erica.
Erica is severely wounded.
You block Erica's attack.
You hit Erica but do no damage.
Erica is severely wounded.
Erica points at you and mumbles some strange words.
You resist with some effort.
Erica hits you with a +0 scimitar of flaming.
Erica is burned by your cloak of flames.
Erica is severely wounded.
You closely miss Erica.
Erica is severely wounded.
Erica hits you with a +0 scimitar of flaming.
Erica is burned by your cloak of flames.
Erica is almost dead.
Erica gestures at you while chanting. The lance of force hits you!
Your body deteriorates!
You feel clumsy.
You are knocked back by the lance of force.
You slam into the rock wall!
Your body deteriorates!
You feel clumsy.
10053 ||| DRINKING 2 potions of heal wounds.
You feel much better.
Erica points at you and mumbles some strange words.
The lance of force hits you!!
You are knocked back by the lance of force.
You slam into the rock wall!
10054 ||| DRINKING potion of heal wounds.
You feel much better.
Erica points at you and mumbles some strange words.
Your stasis prevents you from being slowed.
Erica casts a spell at you. The lance of force hits you!!
You are knocked back by the lance of force.
You slam into the rock wall!
You die...

#.. ##.#.#.....
+...+....<.....
##
##...##.........
.
.......>[.......
. #. ##....<#
..##.####..##..#
........#..##..#
........#..##..#
........@..##..#
.........#.....#
....####.####..#
.. #@# ##.# ..#
.# .#.. ## ..+..
.. #... ..# #...


You could see Erica (fast, invisible).

Vanquished Creatures
  A two-headed ogre (D:8)
  A troll (D:9)
  A wyvern (D:6)
  5 yaks (D:9)
  A wraith (D:9)
  A steam dragon (D:7)
  A water moccasin (D:5)
  Duvessa (D:5)
  3 sky beasts
  2 orc warriors
  A black bear (D:4)
  2 ogres (D:5)
  A centaur (D:6)
  A phantom (D:6)
  A kobold brigand (D:8)
  3 bullfrogs
  3 scorpions
  9 wights (D:8)
  Dowan (D:5)
  4 killer bees (D:8)
  3 howler monkeys (D:7)
  4 hounds
  3 orc priests (D:7)
  A jelly (D:5)
  3 iguanas
  4 orc wizards
  Robin (D:2)
  5 adders
  A shadow imp (D:8)
  4 white imps
  A dart slug (D:1)
  15 orcs
  6 endoplasms
  7 giant cockroaches
  14 goblins
  10 hobgoblins
  7 jackals
  4 quokkas
  5 ball pythons
  4 bats
  2 frilled lizards
  9 kobolds
  A rat (D:1)
157 creatures vanquished.

Notes
Turn   | Place    | Note
-------+----------+-------------------------------------------
     0 | D:1      | qw the Formicid Cinder Acolyte began the quest for the Orb.
     0 | D:1      | Reached XP level 1. HP: 18/18 MP: 2/2
     0 | D:1      | 0 ||| qw: Version: 0.1-a-103-gd6f5d3a
     0 | D:1      | 0 ||| qw: Game counter: 5398
     0 | D:1      | 0 ||| qw: Always use a shield: true
     0 | D:1      | 0 ||| qw: God list: Okawaru
     0 | D:1      | 0 ||| qw: Allow faded altars: false
     0 | D:1      | 0 ||| qw: Do Orc after D:15 true
     0 | D:1      | 0 ||| qw: Do second Lair branch before Depths: true
     0 | D:1      | 0 ||| qw: Lair rune preference: random
     0 | D:1      | 0 ||| qw: Plans: Normal
     0 | D:1      | 0 ||| PLANNING D:1-11
    69 | D:1      | You fall into a shaft and drop 1 floor!
    97 | D:2      | 97 ||| Stepping ~*~*~tactically~*~*~ (stealth).
   168 | D:2      | Reached XP level 2. HP: 22/24 MP: 3/3
   169 | D:2      | 169 ||| Stepping ~*~*~tactically~*~*~ (stealth).
   174 | D:2      | 174 ||| INVOKING Fiery Armour.
   331 | D:2      | 331 ||| UPGRADING to +0 ring mail.
   331 | D:2      | Noticed Robin
   332 | D:2      | 332 ||| Stepping ~*~*~tactically~*~*~ (stealth).
   333 | D:2      | 333 ||| UPGRADING to +0 ring mail.
   343 | D:2      | 343 ||| INVOKING Fiery Armour.
   347 | D:2      | HP: 2/24 [hobgoblin[Robin] (6)]
   349 | D:2      | Reached skill level 4 in Axes
   349 | D:2      | Reached XP level 3. HP: 3/29 MP: 4/4
   351 | D:2      | Killed Robin
   352 | D:2      | Reached skill level 1 in Armour
   638 | D:2      | 638 ||| DROPPING +0 robe.
   639 | D:2      | 639 ||| READING scroll labelled QYANUOTSOAK.
   962 | D:1      | 962 ||| Stepping ~*~*~tactically~*~*~ (stealth).
  1123 | D:1      | Found a faded altar of an unknown god.
  1336 | D:1      | 1336 ||| Stepping ~*~*~tactically~*~*~ (stealth).
  1503 | D:1      | Reached XP level 4. HP: 24/35 MP: 5/5
  1631 | D:1      | 1631 ||| UPGRADING to +0 chain mail.
  1641 | D:1      | 1641 ||| DROPPING +0 ring mail.
  1642 | D:1      | 1642 ||| READING scroll labelled SOTHUOCOCO.
  1643 | D:1      | 1643 ||| READING 2 scrolls labelled AJOXAH VEODOJ.
  1644 | D:1      | 1644 ||| DROPPING scroll of noise.
  2498 | D:2      | 2498 ||| UPGRADING to +0 pair of boots.
  2503 | D:2      | 2503 ||| DROPPING ring of magical power.
  2504 | D:2      | 2504 ||| READING 3 scrolls labelled JAYTWO BOXT.
  2505 | D:2      | 2505 ||| DRINKING 2 grey potions.
  2505 | D:2      | Gained mutation: You have large cloven feet. [potion of
                  | mutation]
  2505 | D:2      | Gained mutation: Your system is resistant to poisons.
                  | (rPois) [potion of mutation]
  2505 | D:2      | Gained mutation: Your body sometimes deteriorates upon
                  | taking damage. [potion of mutation]
  2506 | D:2      | 2506 ||| READING 2 scrolls of identify.
  2506 | D:2      | 2506 ||| IDENTIFYING emerald potion
  2507 | D:2      | 2507 ||| DROPPING potion of invisibility.
  2972 | D:3      | Found Xyanorosk's Book Boutique.
  3518 | D:3      | 3518 ||| UPGRADING to +0 pair of gloves.
  3523 | D:3      | 3523 ||| READING scroll labelled HIASKA RETANT.
  3523 | D:3      | Identified a scroll of acquirement
  3523 | D:3      | 3523 ||| ACQUIRING amulet of regeneration
  3523 | D:3      | Acquired an amulet of regeneration
  3525 | D:3      | 3525 ||| UPGRADING to amulet of regeneration.
  3530 | D:3      | 3530 ||| READING scroll labelled TUASIL ECIQO.
  3531 | D:3      | 3531 ||| READING 2 scrolls of identify.
  3531 | D:3      | 3531 ||| IDENTIFYING fuming inky potion
  3532 | D:3      | 3532 ||| DROPPING potion of berserk rage.
  3610 | D:4      | Reached XP level 5. HP: 40/41 MP: 6/6
  3766 | D:4      | Reached skill level 5 in Axes
  3892 | D:4      | Noticed a black bear
  3903 | D:4      | Killed a black bear
  3904 | D:4      | Reached XP level 6. HP: 40/47 MP: 7/7
  4070 | D:4      | Found a transporter.
  4339 | D:4      | Found a transporter.
  4493 | D:4      | Found a shimmering blue altar of Sif Muna.
  4609 | D:4      | 4609 ||| UPGRADING to amulet of reflection.
  4619 | D:4      | 4619 ||| DROPPING amulet of regeneration.
  4620 | D:4      | 4620 ||| READING 3 scrolls of identify.
  4620 | D:4      | 4620 ||| IDENTIFYING coppery potion
  4621 | D:4      | 4621 ||| READING 2 scrolls of identify.
  4621 | D:4      | 4621 ||| IDENTIFYING viscous black potion
  4622 | D:4      | 4622 ||| DROPPING potion of magic.
  4657 | D:5      | Entered Level 5 of the Dungeon
  4661 | D:5      | Reached skill level 6 in Axes
  4810 | D:5      | 4810 ||| Stepping ~*~*~tactically~*~*~ (stealth).
  4838 | D:5      | 4838 ||| INVOKING Fiery Armour.
  4841 | D:5      | 4841 ||| FLEEEEING.
  4842 | D:5      | 4842 ||| FLEEEEING.
  4843 | D:5      | 4843 ||| FLEEEEING.
  4844 | D:5      | 4844 ||| FLEEEEING.
  4845 | D:5      | 4845 ||| FLEEEEING.
  4846 | D:5      | 4846 ||| FLEEEEING.
  4847 | D:5      | 4847 ||| FLEEEEING.
  4848 | D:5      | 4848 ||| FLEEEEING.
  4849 | D:5      | 4849 ||| FLEEEEING.
  4850 | D:5      | 4850 ||| FLEEEEING.
  4851 | D:5      | 4851 ||| FLEEEEING.
  4852 | D:5      | 4852 ||| FLEEEEING.
  4853 | D:5      | 4853 ||| FLEEEEING.
  4854 | D:5      | 4854 ||| FLEEEEING.
  4855 | D:5      | 4855 ||| FLEEEEING.
  4856 | D:5      | 4856 ||| FLEEEEING.
  4857 | D:5      | 4857 ||| FLEEEEING.
  4858 | D:5      | 4858 ||| FLEEEEING.
  4859 | D:5      | 4859 ||| FLEEEEING.
  4860 | D:5      | 4860 ||| FLEEEEING.
  4861 | D:5      | 4861 ||| FLEEEEING.
  4862 | D:5      | 4862 ||| FLEEEEING.
  4863 | D:5      | 4863 ||| FLEEEEING.
  4864 | D:5      | 4864 ||| FLEEEEING.
  4865 | D:5      | 4865 ||| FLEEEEING.
  4866 | D:5      | 4866 ||| FLEEEEING.
  4867 | D:5      | 4867 ||| FLEEEEING.
  4868 | D:5      | 4868 ||| FLEEEEING.
  4869 | D:5      | 4869 ||| FLEEEEING.
  4870 | D:5      | 4870 ||| FLEEEEING.
  4871 | D:5      | 4871 ||| FLEEEEING.
  4872 | D:5      | 4872 ||| FLEEEEING.
  4873 | D:5      | 4873 ||| FLEEEEING.
  4874 | D:5      | 4874 ||| STAIRDANCE
  5007 | D:5      | 5007 ||| STAIRDANCE
  5012 | D:5      | 5012 ||| STAIRDANCE
  5078 | D:4      | 5078 ||| SWAPPING to +0 war axe.
  5104 | D:5      | Noticed an ogre
  5111 | D:5      | Killed an ogre
  5151 | D:5      | Noticed an ogre
  5162 | D:5      | Killed an ogre
  5163 | D:5      | Reached XP level 7. HP: 50/55 MP: 8/8
  5317 | D:5      | Found a runed translucent gate.
  5317 | D:5      | Found a runed translucent gate.
  5319 | D:5      | Found a runed translucent gate.
  5322 | D:5      | Noticed qw's ghost (novice BaCK)
  5341 | D:5      | 5341 ||| Stepping ~*~*~tactically~*~*~ (stealth).
  5365 | D:5      | Noticed Dowan
  5366 | D:5      | 5366 ||| Stepping ~*~*~tactically~*~*~ (hiding).
  5367 | D:5      | 5367 ||| Stepping ~*~*~tactically~*~*~ (hiding).
  5372 | D:5      | Noticed Duvessa
  5373 | D:5      | 5373 ||| INVOKING Fiery Armour.
  5376 | D:5      | Killed Dowan
  5377 | D:5      | Reached skill level 3 in Armour
  5387 | D:5      | Killed Duvessa
  5419 | D:5      | Reached skill level 7 in Axes
  5442 | D:5      | 5442 ||| FLEEEEING.
  5443 | D:5      | 5443 ||| Stepping ~*~*~tactically~*~*~ (stealth).
  5444 | D:5      | 5444 ||| FLEEEEING.
  5612 | D:5      | Noticed a water moccasin
  5613 | D:5      | 5613 ||| Stepping ~*~*~tactically~*~*~ (stealth).
  5633 | D:5      | Killed a water moccasin
  5634 | D:5      | Reached XP level 8. HP: 53/61 MP: 9/9
  5820 | D:5      | 5820 ||| Stepping ~*~*~tactically~*~*~ (hiding).
  5821 | D:5      | 5821 ||| Stepping ~*~*~tactically~*~*~ (hiding).
  6000 | D:5      | 6000 ||| READING scroll labelled FAQAIPP PEDIE.
  6129 | D:6      | 6129 ||| Stepping ~*~*~tactically~*~*~ (stealth).
  6157 | D:6      | Reached skill level 8 in Axes
  6484 | D:6      | Reached skill level 9 in Axes
  6493 | D:6      | Reached XP level 9. HP: 61/68 MP: 10/10
  6934 | D:6      | Reached skill level 6 in Fighting
  7014 | D:6      | 7014 ||| READING 2 scrolls labelled JOUREE CUDIL.
  7015 | D:6      | 7015 ||| DRINKING 2 clear potions.
  7016 | D:6      | 7016 ||| READING 2 scrolls of identify.
  7016 | D:6      | 7016 ||| IDENTIFYING golden potion
  7017 | D:6      | 7017 ||| DROPPING potion of flight.
  7018 | D:6      | 7018 ||| DROPPING scroll of poison.
  7128 | D:7      | Found a flagged portal.
  7276 | D:7      | 7276 ||| Stepping ~*~*~tactically~*~*~ (hiding).
  7280 | D:7      | 7280 ||| INVOKING Fiery Armour.
  7338 | D:7      | Found a staircase to the Ecumenical Temple.
  7349 | D:7      | 7349 ||| Stepping ~*~*~tactically~*~*~ (hiding).
  7350 | D:7      | Found a blossoming altar of Fedhas.
  7355 | D:7      | Reached skill level 10 in Axes
  7449 | D:7      | 7449 ||| Stepping ~*~*~tactically~*~*~ (hiding).
  7452 | D:7      | 7452 ||| INVOKING Fiery Armour.
  7478 | D:7      | Identified the +1 short sword of Greatest Utility {vamp,
                  | *Noise rN+ Int+4 Dex+4}
  7506 | D:7      | 7506 ||| Stepping ~*~*~tactically~*~*~ (stealth).
  7903 | D:7      | 7903 ||| UPGRADING to +0 plate armour.
  7913 | D:7      | 7913 ||| DROPPING +0 chain mail.
  7914 | D:7      | 7914 ||| UPGRADING to +2 buckler of cold resistance.
  7919 | D:7      | 7919 ||| READING scroll labelled PUJADUT YCSIO.
  7954 | D:8      | Reached skill level 1 in Shields
  7992 | D:8      | 7992 ||| Stepping ~*~*~tactically~*~*~ (stealth).
  7994 | D:8      | 7994 ||| Stepping ~*~*~tactically~*~*~ (stealth).
  8017 | D:8      | Reached skill level 1 in Throwing
  8146 | D:8      | Found a white marble altar of Elyvilon.
  8155 | D:8      | 8155 ||| Stepping ~*~*~tactically~*~*~ (stealth).
  8156 | D:8      | 8156 ||| Stepping ~*~*~tactically~*~*~ (stealth).
  8159 | D:8      | 8159 ||| Stepping ~*~*~tactically~*~*~ (stealth).
  8160 | D:8      | 8160 ||| Stepping ~*~*~tactically~*~*~ (stealth).
  8162 | D:8      | 8162 ||| Stepping ~*~*~tactically~*~*~ (stealth).
  8165 | D:8      | 8165 ||| Stepping ~*~*~tactically~*~*~ (stealth).
  8168 | D:8      | 8168 ||| Stepping ~*~*~tactically~*~*~ (stealth).
  8178 | D:8      | Reached skill level 3 in Shields
  8462 | D:8      | 8462 ||| SWAPPING to +0 war axe of electrocution.
  8463 | D:8      | 8463 ||| DROPPING +0 war axe.
  8565 | D:8      | Found a sacrificial altar of Ru.
  8574 | D:8      | Noticed a two-headed ogre
  8583 | D:8      | Killed a two-headed ogre
  8584 | D:8      | Reached skill level 6 in Armour
  8584 | D:8      | Reached XP level 10. HP: 48/79 MP: 11/11
  8762 | D:8      | 8762 ||| INVOKING Fiery Armour.
  8769 | D:8      | HP: 18/74 [wight/+4 mace (2)]
  9079 | D:8      | 9079 ||| SWAPPING to +0 battleaxe.
  9080 | D:8      | 9080 ||| DROPPING +0 war axe of electrocution.
  9484 | D:8      | 9484 ||| DRINKING 3 metallic amethyst potions.
  9485 | D:8      | 9485 ||| DRINKING 2 metallic black potions.
  9486 | D:8      | 9486 ||| READING 3 scrolls of identify.
  9486 | D:8      | 9486 ||| IDENTIFYING cyan potion
  9487 | D:8      | 9487 ||| READING 2 scrolls of identify.
  9487 | D:8      | 9487 ||| IDENTIFYING dark potion
  9488 | D:8      | 9488 ||| DROPPING potion of attraction.
  9489 | D:8      | 9489 ||| DROPPING potion of brilliance.
  9519 | D:9      | 9519 ||| STAIRDANCE
  9532 | D:8      | Reached skill level 3 in Throwing
  9537 | D:8      | 9537 ||| INVOKING Fiery Armour.
  9727 | D:9      | 9727 ||| STAIRDANCE
  9773 | D:9      | 9773 ||| INVOKING Fiery Armour.
  9777 | D:9      | 9777 ||| STAIRDANCE
 10013 | D:9      | 10013 ||| Stepping ~*~*~tactically~*~*~ (stealth).
 10027 | D:9      | Reached skill level 11 in Axes
 10039 | D:9      | Noticed Erica
 10040 | D:9      | 10040 ||| Stepping ~*~*~tactically~*~*~ (hiding).
 10045 | D:9      | 10045 ||| INVOKING Fiery Armour.
 10052 | D:9      | HP: 16/79 [rock wall collision (17)]
 10053 | D:9      | 10053 ||| DRINKING 2 potions of heal wounds.
 10053 | D:9      | HP: 3/79 [rock wall collision (15)]
 10054 | D:9      | 10054 ||| DRINKING potion of heal wounds.
 10054 | D:9      | Collided with a rock wall

Levels and vault maps discovered:
D:1:      scummos_arrival_simple_fountains, layout_basic,
          hellmonk_ecumenical_altar_leap_of_faith, minmay_stone_trees_medium,
          kennysheep_flooded_box
D:2:      layout_basic, nicolae_figureground_sparkle, uniq_robin
D:3:      layout_basic, serial_shops, nicolae_shop_behind_doors
D:4:      gammafunk_steamed_eel, layout_layer_cave, lemuel_blue_sif_altar,
          minmay_misc_feat_enclosed, chequers_serial_rivers_small_b
D:5:      layout_basic, gammafunk_ghost_necromancy, uniq_duvessa
D:6:      layout_basic, kennysheep_generic_room_3
D:7:      layout_basic, mainiacjoe_overflow_catwalk, temple_doors_cd,
          enter_bailey_3, minmay_misc_feat_nine_boxes,
          chequers_serial_rivers_small_b, chequers_serial_rivers_micro_a
D:8:      layout_layer_cave, lemuel_crystal_altar, general_overflow_altar,
          serial_glass, glass_columns_a, glass_columns_c, glass_columns_a,
          glass_columns_a
D:9:      layout_basic, tgw_kikubaaqudgha, serial_shops,
          nicolae_shop_waterfront, uniq_erica

Skill      XL: |  1  2  3  4  5  6  7  8  9 10 |
---------------+-------------------------------+-----
Axes           | 4 5 6 7 9 10 11 | 11.1
Armour         | 1 2 3 6 |  6.8
Fighting       | 4 5 7 |  7.6
Dodging        | 2 |  2.0
Shields        | 4 5 |  5.6
Throwing       | 1 3 |  3.0
Spellcasting   | |  1.1
Fire Magic     | |  3.0

Action                   |  1- 3 |  4- 6 |  7- 9 | 10-12 || total
-------------------------+-------+-------+-------+-------++-------
Melee: Hand axe          |    91 |   148 |       |       ||   239
       Punch             |     2 |     2 |     2 |       ||     6
       War axe           |       |    13 |   268 |    16 ||   297
       Battleaxe         |       |       |       |    71 ||    71
Throw: Boomerang         |       |       |     8 |       ||     8
       Javelin           |       |       |     6 |     3 ||     9
Invok: Fiery Armour      |     2 |     1 |     3 |     4 ||    10
  Use: Scroll            |     1 |     9 |     4 |     2 ||    16
       Potion            |       |     1 |     1 |     4 ||     6
Armor: Ring mail         |    30 |     2 |       |       ||    32
       Robe              |     3 |       |       |       ||     3
       Chain mail        |       |    70 |   115 |       ||   185
       Plate armour      |       |       |    16 |    50 ||    66
Dodge: Dodged            |    46 |    44 |    81 |    33 ||   204
Block: Other             |       |    12 |    58 |       ||    70
       Buckler           |       |       |    34 |    69 ||   103
       Reflection        |       |       |     5 |       ||     5

Table legend:
 A = Non-vault XP
 B = Vault XP
 C = Vault XP percentage of total XP
 D = Non-vault monster count
 E = Vault monster count
 F = Vault count percentage of total count
                 A         B        C        D         E       F
            +---------+---------+-------+---------+---------+-------
      Total |    6686 |     264 |   3.8 |     137 |      20 |  12.7
            +---------+---------+-------+---------+---------+-------
        D:1 |      34 |       0 |   0.0 |      20 |       0 |   0.0
        D:2 |      23 |      34 |  59.6 |      12 |      12 |  50.0
        D:3 |      32 |       0 |   0.0 |      10 |       0 |   0.0
        D:4 |     187 |       0 |   0.0 |      12 |       0 |   0.0
        D:5 |     667 |     207 |  23.7 |      19 |       2 |   9.5
        D:6 |    1116 |      16 |   1.4 |      18 |       2 |  10.0
        D:7 |     936 |       7 |   0.7 |      14 |       4 |  22.2
        D:8 |    2025 |       0 |   0.0 |      24 |       0 |   0.0
        D:9 |    1666 |       0 |   0.0 |       8 |       0 |   0.0
            +---------+---------+-------+---------+---------+-------
